AoeStats
← 从不压堡之人

Arena

509046637Analyzed
4v4 RM · 7d ago on Sep 25, 2026· 18m 34s· 8 players
Game mode
Random Map
Map size
Large (8 player)
Population
200
Speed
Normal
Resources
Standard
Victory
Conquest
Starting age
Dark Age
Ending age
Imperial Age
RankedLock teamsTeams togetherTeam positionsShared explorationLock speedFull tech treeHidden civsTurbo modeCheats
Victory
Defeat
🇵🇹 Goths · Portugal
1294
+15
🇺🇸 Khmer · United States
1290
+15
🇹🇼 Franks · Taiwan
1246
+17
🇹🇼 Magyars · Taiwan
1229
+18
🇨🇳 Japanese · China
1446
-24
🇨🇳 Varangians · China
1296
-17
1221
-14
🇨🇳 Portuguese · China
1104
-10
hgsteven
9:25 Loom
11:42 Feudal Age
16:26 Castle Age
15:37 Double-Bit Axe
16:35 Fletching
17:21 Town Watch
19:08 Wheelbarrow
George
10:19 Feudal Age
15:26 Castle Age
13:39 Double-Bit Axe
13:43 Horse Collar
DKing
4:51 Loom
10:44 Feudal Age
14:26 Castle Age
12:47 Double-Bit Axe
13:24 Horse Collar
17:14 Bow Saw
Abhinavcj
10:10 Feudal Age
12:58 Castle Age
11:31 Double-Bit Axe
11:26 Horse Collar
15:12 Bow Saw
15:31 Heavy Plow
19:17 Wheelbarrow
从不压堡之人
10:46 Feudal Age
14:54 Castle Age
12:54 Double-Bit Axe
13:12 Horse Collar
16:05 Bow Saw
15:55 Heavy Plow
kirk
6:27 Loom
10:55 Feudal Age
11:50 Double-Bit Axe
14:44 Castle Age
12:50 Horse Collar
16:00 Bow Saw
15:52 Heavy Plow
叫声乌鸦哥
9:38 Feudal Age
13:34 Castle Age
11:59 Double-Bit Axe
12:40 Horse Collar
14:45 Heavy Plow
B站胡某怎么还在种田
10:46 Feudal Age
12:17 Double-Bit Axe
14:54 Castle Age
12:44 Horse Collar
14:39 Wheelbarrow
15:49 Bow Saw
15:40 Heavy Plow
Connection lost

Rejoining the realm…

Still unreachable

The connection could not be restored.

Session expired

The server has moved on; the page needs a fresh start.